 Dungeon Crawl Stone Soup version 0.19-a0-934-gf1df8d1 (webtiles) character file.

623 Implojin the Grappler (level 7, -9/66 HPs)
             Began as a Troll Fighter on July 8, 2016.
             Was an Initiate of Okawaru.
             Mangled by an ogre
             ... wielding a +0 giant club
              (19 damage)
             ... on level 7 of the Dungeon.
             The game lasted 00:02:48 (534 turns).

Implojin the Grappler (Troll Fighter)                Turns: 534, Time: 00:02:48

Health: -9/66      AC:  5    Str: 30    XL:     7   Next: 22%
Magic:  6/6        EV:  8    Int:  4    God:    Okawaru [......]
Gold:   0          SH:  9    Dex: 11    Spells: 0 memorised, 6 levels left

rFire  . . .     SeeInvis .       - Unarmed
rCold  . . .     Gourm    +     a - +0 robe
rNeg   . . .     Faith    .     b - +0 shield
rPois  .         Spirit   .     (helmet restricted)
rElec  .         Dismiss  .     (no cloak)
rCorr  .         Reflect  .     (gloves unavailable)
SustAt .         Harm     .     (boots unavailable)
MR     .....                    (no amulet)
Stlth  +.........               (no ring)
                                (no ring)

@: mighty, not resistant to hostile enchantments, very unstealthy
A: unfitting armour, claws 3, fast metabolism 3, gourmand, regeneration 2,
shaggy fur 1, tough skin 2
a: Renounce Religion


You were on level 7 of the Dungeon.
You worshipped Okawaru.
Okawaru was noncommittal.
You were very full.

You visited 1 branch of the dungeon, and saw 6 of its levels.

Inventory:

Hand Weapons
 m - a +0 falchion of draining
Armour
 a - a +0 robe (worn)
 b - a +0 shield (worn)
Jewellery
 h - an uncursed amulet of regeneration {unknown}
Wands
 k - a wand of iceblast (4/15)
Scrolls
 e - a scroll of random uselessness {unknown}
 i - a scroll of recharging {unknown}
 j - a scroll of enchant armour {unknown}
Potions
 l - 2 potions of curing {unknown}
 n - 2 potions of ambrosia {unknown}
Comestibles
 d - 2 bread rations
 f - 2 meat rations
 g - a slice of pizza


   Skills:
 - Level 2.4 Fighting
 - Level 2.4 Dodging
 - Level 2.4 Shields
 * Level 8.1 Unarmed Combat


You had 6 spell levels left.
You didn't know any spells.

Dungeon Overview and Level Annotations

Branches:
Dungeon (7/15)             Temple (0/1) D:5

Altars:
Fedhas
Nemelex Xobeh
Okawaru
Pakellas
Sif Muna
Trog
Xom


Innate Abilities, Weirdness & Mutations

You are too large for most types of armour.
You have claws for hands.
Your metabolism is lightning-fast.
You like to eat raw meat.
You heal very quickly.
You are covered in fur. (AC +1)
You have very tough skin. (AC +2)


Message History

Found a scroll labeled UWEQOV CIMEPOS.
An orc wizard comes into view. It is wielding a dagger.
Found a cyan potion.
An ogre comes into view. It is wielding a giant club.
The ogre shouts!
An orc and an ogre come into view.
An orc comes into view. It is wielding a mace.
The orc shouts! x2; The ogre shouts!
Found a helmet.
You see here a scroll labeled UWEQOV CIMEPOS.
You feel very mighty all of a sudden.
The orc wizard gestures at you while chanting.
You are confused.
Unknown command.
You're too confused to move!
The orc wizard closely misses you.
You closely miss the orc wizard.
The orc wizard gestures at you while chanting.
You resist with some effort.
You're too confused to move!
The orc wizard hits you but does no damage.
You bump into the rock wall.
The orc wizard barely misses you. The ogre hits you with a giant club!!
* * * LOW HITPOINT WARNING * * *
Unknown command.
You mangle the ogre!!
The ogre is severely wounded.
The ogre hits you with a giant club!
* * * LOW HITPOINT WARNING * * *
The orc wizard barely misses you.
Unknown command.
You feel less confused. The ogre hits you with a giant club!
* * * LOW HITPOINT WARNING * * *
Okay, then.
You claw the ogre!
You kill the ogre!
Okawaru accepts your kill.
Your Unarmed Combat skill increases to level 8!
The ogre hits you with a giant club!!
You die...

[#### ## .... ....
...##..... ##!..
.......... ##....#
..........
#.....o##
......... .#
......oO###......#
.#
.#####o)@......#
#.## #........##
..# #...##...#
##.# #...####..#
#..# #...# #..#
#.. #..## #..# #..
#..# #..# ##. #..
#..# #.. ##.##
##..


You could see an ogre, an orc wizard and 2 orcs.

Vanquished Creatures
  Edmund (D:5)
  A phantom (D:6)
  An ogre (D:7)
  A centaur (D:5)
  A crimson imp (D:5)
  A giant frog skeleton (D:7)
  A jelly (D:6)
  Natasha (twice) (D:2)
  Terence (D:2)
  A worker ant (D:6)
  A howler monkey skeleton (D:5)
  3 adders
  An ooze (D:1)
  A worm (D:2)
  A dart slug (D:1)
  2 giant geckos (D:5)
  An orc (D:3)
  A goblin (D:2)
  A hobgoblin (D:2)
  A kobold (D:3)
24 creatures vanquished.

Notes
Turn   | Place    | Note
-------+----------+-------------------------------------------
     0 | D:1      | Implojin the Troll Fighter began the quest for the Orb.
     0 | D:1      | Reached XP level 1. HP: 22/22 MP: 0/0
    50 | D:2      | Reached XP level 2. HP: 29/29 MP: 1/1
    58 | D:2      | Reached skill level 3 in Unarmed Combat
   101 | D:2      | Noticed Natasha
   106 | D:2      | Killed Natasha
   106 | D:2      | Reached XP level 3. HP: 36/36 MP: 2/2
   116 | D:2      | Noticed Terence
   120 | D:2      | Killed Terence
   120 | D:2      | Reached skill level 4 in Unarmed Combat
   120 | D:2      | Reached XP level 4. HP: 23/44 MP: 3/3
   122 | D:2      | Noticed Natasha
   132 | D:2      | Killed Natasha
   180 | D:3      | You fall through a shaft for 3 floors!
   185 | D:6      | Reached skill level 5 in Unarmed Combat
   189 | D:6      | Reached XP level 5. HP: 46/50 MP: 4/4
   233 | D:6      | Noticed a phantom
   254 | D:6      | Killed a phantom
   254 | D:6      | Reached skill level 6 in Unarmed Combat
   258 | D:5      | Entered Level 5 of the Dungeon
   298 | D:5      | Noticed a centaur
   308 | D:5      | Killed a centaur
   308 | D:5      | Reached XP level 6. HP: 18/59 MP: 5/5
   349 | D:5      | Found a staircase to the Ecumenical Temple.
   364 | D:5      | Found a sparkling altar of Nemelex Xobeh.
   364 | D:5      | Found an oddly glowing altar of Pakellas.
   369 | D:5      | Reached skill level 7 in Unarmed Combat
   375 | D:5      | Found a deep blue altar of Sif Muna.
   375 | D:5      | Found an iron altar of Okawaru.
   376 | D:5      | Found a bloodstained altar of Trog.
   377 | D:5      | Found a blossoming altar of Fedhas.
   380 | D:5      | Found a shimmering altar of Xom.
   383 | D:5      | Became a worshipper of Warmaster Okawaru
   415 | D:5      | Noticed Edmund
   428 | D:5      | Killed Edmund
   519 | D:7      | Reached XP level 7. HP: 55/66 MP: 6/6
   534 | D:7      | Reached skill level 8 in Unarmed Combat
   534 | D:7      | Mangled by an ogre

Vault maps used:
D:1:      dpeg_arrival_houses_and_road, serial_forest,
          infiniplex_forest_clump_double, infiniplex_forest_straight_4,
          infiniplex_forest_lined_2, infiniplex_forest_zigzag_1,
          infiniplex_forest_pool, infiniplex_forest_lined_3,
          infiniplex_forest_join
D:2:      minmay_wonky_spiral, kennysheep_generic_room_10, uniq_terence,
          uniq_natasha
D:3:      first_bread, xom_redecorated
D:5:      minitemple, basic_altar, uniq_edmund
D:6:      minmay_three_doors
D:7:      lemuel_round_altar, serial_shops, shop, grunt_ogre_cave

Skill      XL: |  1  2  3  4  5  6  7 |
---------------+----------------------+-----
Unarmed Combat | 3 4 5 6 7 8 |  8.1
Fighting       | |  2.4
Dodging        | |  2.4
Shields        | |  2.4

Action                   |  1- 3 |  4- 6 |  7- 9 || total
-------------------------+-------+-------+-------++-------
Melee: Unarmed           |    20 |    79 |     3 ||   102
  Use: Potion            |       |       |     1 ||     1
 Stab: Sleeping          |     1 |       |       ||     1
  Eat: Chunk             |     6 |     3 |       ||     9
Armor: Robe              |     6 |    20 |     1 ||    27
Dodge: Dodged            |     1 |    21 |     3 ||    25
Block: Shield            |     2 |    19 |       ||    21

Table legend:
 A = Turns spent in this place as a percentage of turns spent in the entire game.
 B = Non-inter-level travel turns spent in this place as a percentage of non-inter-level travel turns spent in the entire game.
 C = Inter-level travel turns spent in this place as a percentage of turns spent in this place.
 D = Turns resting spent in this place as a percentage of non-inter-level travel turns spent in this place.
 E = Turns spent auto-exploring this place as a percentage of non-inter-level travel turns spent in this place.
 F = Non-inter-level travel turns spent in this place divided by the number of levels of this place that you've seen.
                   A       B       C       D       E      F
               +-------+-------+-------+-------+-------+----------------------
         Total | 100.0 | 100.0 |   0.0 |   0.0 |   0.0 |  87.3
       Dungeon | 100.0 | 100.0 |   0.0 |   0.0 |   0.0 |  87.3
               +-------+-------+-------+-------+-------+----------------------

Table legend:
 A = Kills in this place as a percentage of kills in entire the game.
 B = Kills by you in this place as a percentage of kills by you in the entire game.
 C = Kills by friends in this place as a percentage of kills by friends in the entire game.
 D = Other kills in this place as a percentage of other kills in the entire game.
 E = Experience gained in this place as a percentage of experience gained in the entire game.
 F = Experience gained in this place divided by the number of levels of this place that you have seen.
                   A       B       C       D       E      F
               +-------+-------+-------+-------+-------+----------------------
         Total | 100.0 | 100.0 |  -nan |  -nan | 100.0 | 148.5
       Dungeon | 100.0 | 100.0 |  -nan |  -nan | 100.0 | 148.5
               +-------+-------+-------+-------+-------+----------------------
